 Dungeon Crawl Stone Soup version 0.30-a0-578-gdee14c521f (webtiles) character file.

Game seed: 17635244797831082544

1734 Newt the Shooter (level 8, -2/54 HPs)
             Began as a Demonspawn Gladiator on Dec 31, 2022.
             Was a Follower of Hepliaklqana.
             Killed by divine providence
             ... invoked by an orc priest
              (14 damage)
             ... on level 6 of the Dungeon.
             The game lasted 00:08:22 (6215 turns).

Newt the Shooter (Demonspawn Gladiator)             Turns: 6215, Time: 00:08:22

Health: -2/54      AC:  9    Str: 22    XL:     8   Next: 76%
Magic:  8/8        EV: 13    Int: 18    God:    Hepliaklqana [*.....]
Gold:   269        SH:  0    Dex: 13    Spells: 7/7 levels left

rFire   . . .      SeeInvis +    y - +6 shortbow of Propriety {speed, +Blink Str+3 Int-2 SInv}
rCold   . . .      Faith    .    (shield currently unavailable)
rNeg    . . .      Spirit   .    C - +1 leather armour of the Festooned Wumpus {rCorr Int+7}
rPois   .          Reflect  .    c - +0 helmet
rElec   .          Harm     .    (no cloak)
rCorr   +          Rampage  .    s - +0 pair of gloves
Will    .....                    (no boots)
Stlth   ++                       (no amulet)
HPRegen 0.29/turn                n - +4 ring of protection
MPRegen 0.11/turn                o - ring of flight

@: flying
A: reduced essence, hooves 2, foul stench 1, sturdy frame 2, condensation
shield, clever 1, deformed body, strong 1
a: Renounce Religion, Evoke Blink, Recall Ancestor, Ancestor Identity


You were on level 6 of the Dungeon.
You worshipped Hepliaklqana.
Hepliaklqana was aware of your devotion.
You visited 1 branch of the dungeon, and saw 6 of its levels.
You also visited: Sewer.

You collected 453 gold pieces.
You spent 184 gold pieces at shops.

Inventory:

Hand Weapons
 a - a +1 rapier
 u - a +0 short sword of venom
 y - the +6 shortbow of Propriety (weapon) {speed, +Blink Str+3 Int-2 SInv}
   (You bought it in a shop on level 1 of the Dungeon)

   Attacks with this weapon are significantly faster.
   Str:       It affects your strength (+3).
   Int:       It affects your intelligence (-2).
   SInv:      It lets you see invisible.
   +Blink:    It lets you blink.
Missiles
 e - a javelin
 m - a throwing net
Armour
 b - a +0 leather armour
 c - a +0 helmet (worn)
 s - a +0 pair of gloves (worn)
 C - the +1 leather armour of the Festooned Wumpus (worn) {rCorr Int+7}
   (You found it on level 5 of the Dungeon)

   Int:       It affects your intelligence (+7).
   rCorr:     It protects you from acid and corrosion.
 D - a +2 robe of cold resistance
Jewellery
 d - a ring of fire
 n - a +4 ring of protection (left hand)
 o - a ring of flight (right hand)
Wands
 B - a wand of roots (5)
Scrolls
 i - 2 scrolls of blinking
 j - a scroll of immolation
 k - 5 scrolls of teleportation
 l - a scroll of fog {unknown}
 q - a scroll of noise
 r - a scroll of summoning
 t - 2 scrolls of brand weapon {unknown}
 x - a scroll of enchant weapon
Potions
 f - 2 potions of haste
 g - 3 potions of brilliance
 h - a potion of mutation
 p - a potion of resistance
 w - a potion of cancellation
 z - 2 potions of curing
 A - a potion of magic


   Skills:
 - Level 4.2 Fighting
 - Level 4.0 Short Blades
 + Level 7.3 Ranged Weapons
 - Level 1.7 Throwing
 - Level 4.0 Armour
 - Level 4.0 Dodging
 - Level 2.0 Stealth


You had 7 spell levels left.
You didn't know any spells.
Your spell library contained the following spells:

 Spells                   Type           Power      Damage    Failure   Level
 Hailstorm                Conj/Ice       0%         3d3       54%         3
 Inner Flame              Hex/Fire       0%         N/A       54%         3
 Vhi's Electric Charge    Tloc/Air       0%         N/A       54%         3
 Flame Wave               Conj/Fire      0%         2d4       91%         4
 Ice Form                 Ice/Tmut       0%         N/A       91%         4
 Sticky Flame             Conj/Fire      0%         2d3       91%         4
 Arcjolt                  Conj/Air       0%         1d10      99%         5
 Simulacrum               Ice/Necr       0%         N/A       100%        6
 Maxwell's Capacitive Co  Air            0%         ∞         100%        8


Dungeon Overview and Level Annotations

Branches:
Dungeon (6/15)             Temple (0/1) D:5           Sewer (visited)

Altars:
Dithmenos
Gozag
Hepliaklqana
Ru
Trog
Wu Jian

Shops:
D:1 *:(=(


Innate Abilities, Weirdness & Mutations

Your life essence is reduced to manifest your ancestor. (-10% HP)
You have hoof-like feet.
You may rarely emit foul miasma when damaged in melee.
Your movements are less encumbered by armour. (ER -4)
A meltable shield of frost defends you. (SH +0)
Your mind is acute. (Int +4, Str/Dex -1)
Armour fits poorly on your strangely shaped body.
Your muscles are strong. (Str +4, Int/Dex -1)


Message History

You shoot an arrow. The arrow hits the scorpion!
You kill the scorpion!
The orc priest calls upon Beogh to heal the orc wizard.
The orc wizard is healed somewhat.
Inhapi hits the orc priest.
The orc priest mumbles some strange prayers to Beogh against you.
Beogh smites you!
* * * LOW HITPOINT WARNING * * *
The orc priest calls upon Beogh to heal something.
The orc wizard gestures at you while chanting.
The puff of flame hits you.
Your condensation shield dissipates!
* * * LOW HITPOINT WARNING * * *
The orc wizard casts a spell at you. You resist with some effort.
There is an open door here.
You reach down and close the door.
An orc warrior opens the door.
The orc priest invokes the aid of Beogh against you.
Beogh smites you!
* * * LOW HITPOINT WARNING * * *
Okay, then.
You feel better.
The orc warrior attacks as you move away!
The orc warrior barely misses you.
Throw: 2 throwing nets
Press: ? - help, Shift-Dir - straight line, f - orc warrior
Aim: an orc warrior, wielding a +0 dire flail and wearing a +0 plate armour (59% to hit)
You throw a throwing net.
The throwing net barely misses the orc warrior.
The throwing net hits the orc.
The orc is caught in the net!
The orc struggles against the net.
The orc wizard casts a spell.
The orc wizard flickers and vanishes for a moment.
The orc warrior hits you with a +0 dire flail.
* * * LOW HITPOINT WARNING * * *
The orc struggles against the net.
The orc warrior attacks as you move away!
The orc warrior barely misses you.
The orc struggles against the net.
The orc priest calls down the wrath of Beogh upon you.
Beogh smites you!
You die...

##............##o# #.........#..
..........#...##.# #.........#..
..........#...##o# #.........#..
..........#...##o####.........#..
....#.###.#...##.##..............
...[#.#........#.##.########.###.
........#......#o##.########.#.'.
...............#.##.......##.#.#.
.....######....#@########.##.#.#.
......................#.#.##.#.#.
...............)...)....#.##.....
............#######.....#R######.
###......##.# ###.#.)........
#......##.# #.##########.
###......##.# #.))....)..#.
..'.........#### ##########.#.
###............# #.#.


You could see an orc warrior, an orc priest and an orc (caught).

Vanquished Creatures
  Grinder (D:5)
  A yak (D:5)
  Menkaure (D:5)
  2 ogres (D:5)
  A phantom (D:5)
  A kobold brigand (D:6)
  2 bullfrogs (Sewer)
  A scorpion (D:6)
  2 howler monkeys (D:5)
  An orc priest (D:6)
  4 hounds (D:5)
  A jelly (D:5)
  3 orc wizards (D:5)
  19 gnolls
  7 adders
  An ufetubus (D:5)
  5 worms
  A dart slug (D:4)
  35 orcs
  12 ball pythons
  6 endoplasms
  10 giant cockroaches
  6 goblins
  6 hobgoblins
  13 jackals
  14 kobolds
  11 quokkas
  4 bats
  14 frilled lizards
  5 rats
190 creatures vanquished.

Vanquished Creatures (others)
  A fungus (D:3)
  6 plants (D:5)
7 creatures vanquished.

Grand Total: 197 creatures vanquished

Notes
Turn   | Place    | Note
-------+----------+-------------------------------------------
     0 | D:1      | Newt the Demonspawn Gladiator began the quest for the Orb.
     0 | D:1      | Reached XP level 1. HP: 16/16 MP: 1/1
    35 | D:1      | Found Foytikhi's Antique Weapon Emporium.
   220 | D:1      | Found Eckisa's Weapon Boutique.
   233 | D:1      | Reached skill level 1 in Stealth
   299 | D:1      | Found Sihyt's Jewellery Shoppe.
   456 | D:1      | Gained mutation: A meltable shield of frost defends you.
                  | (SH +0) [demonic ancestry]
   456 | D:1      | Reached XP level 2. HP: 22/22 MP: 2/2
   575 | D:1      | Found Anaudaem's Book Boutique.
   607 | D:1      | Found Gampyso's Assorted Antiques.
  1324 | D:2      | Gained mutation: You have large cloven feet. [demonic
                  | ancestry]
  1324 | D:2      | Reached XP level 3. HP: 21/28 MP: 3/3
  2024 | D:2      | Gained mutation: You may rarely emit foul miasma when
                  | damaged in melee. [demonic ancestry]
  2024 | D:2      | Reached XP level 4. HP: 33/37 MP: 4/4
  2695 | D:3      | Reached XP level 5. HP: 38/42 MP: 5/5
  2851 | D:3      | Found a faded altar of an unknown god.
  2856 | D:3      | Gained mutation: Armour fits poorly on your strangely
                  | shaped body. [potion of mutation]
  2856 | D:3      | Gained mutation: Your muscles are strong. (Str +4, Int/Dex
                  | -1) [potion of mutation]
  2856 | D:3      | Gained mutation: Your mind is acute. (Int +4, Str/Dex -1)
                  | [potion of mutation]
  3498 | D:5      | Entered Level 5 of the Dungeon
  3519 | D:5      | Found a glowing drain.
  3532 | D:5      | Noticed Grinder
  3546 | D:5      | Paralysed by Grinder for 4 turns
  3555 | D:5      | Killed Grinder
  3556 | D:5      | Gained mutation: Your movements are slightly less
                  | encumbered by armour. (ER -2) [demonic ancestry]
  3556 | D:5      | Reached XP level 6. HP: 20/48 MP: 6/6
  3668 | Sewer    | Entered a sewer
  3849 | Sewer    | Gained mutation: Your movements are less encumbered by
                  | armour. (ER -4) [demonic ancestry]
  3849 | Sewer    | Reached XP level 7. HP: 39/54 MP: 7/7
  4219 | D:1      | Bought an iridescent shortbow for 184 gold pieces
  4219 | D:1      | Identified the +6 shortbow of Propriety {speed, +Blink
                  | Str+3 Int-2 SInv} (You bought it in a shop on level 1 of
                  | the Dungeon)
  4445 | D:5      | Reached skill level 1 in Ranged Weapons
  4525 | D:5      | Reached skill level 2 in Ranged Weapons
  4536 | D:5      | Found a sacrificial altar of Ru.
  4538 | D:5      | Found a hazy altar of Hepliaklqana.
  4538 | D:5      | Found a shadowy altar of Dithmenos.
  4538 | D:5      | Found a bloodstained altar of Trog.
  4538 | D:5      | Noticed Menkaure
  4541 | D:5      | Killed Menkaure
  4542 | D:5      | Reached skill level 3 in Ranged Weapons
  4545 | D:5      | Became a worshipper of Hepliaklqana the Forgotten
  4559 | D:5      | Found an ornate altar of the Wu Jian Council.
  4559 | D:5      | Found an opulent altar of Gozag.
  4631 | D:5      | Found a staircase to the Ecumenical Temple.
  4739 | D:5      | Reached skill level 4 in Ranged Weapons
  4938 | D:5      | Gained mutation: You have hoof-like feet. [demonic
                  | ancestry]
  4938 | D:5      | Reached XP level 8. HP: 59/60 MP: 8/8
  5094 | D:5      | Reached skill level 5 in Ranged Weapons
  5154 | D:5      | Reached skill level 6 in Ranged Weapons
  5211 | D:5      | Identified the +1 leather armour of the Festooned Wumpus
                  | {rCorr Int+7}
  5519 | D:5      | Reached * piety under Hepliaklqana
  6095 | D:6      | Reached skill level 7 in Ranged Weapons
  6215 | D:6      | Killed from afar by an orc priest

Illustrated notes

Levels and vault maps discovered:
D:1:      evilmike_arrival_fibonacci_small, layout_basic, serial_shops,
          nicolae_shop_advertising_works [nicolae_subvault_shop_adworks], shop,
          nicolae_shop_waterfront, nicolae_diamond_shop, nicolae_shop_crystal
D:2:      kennysheep_six_static_rooms, layout_basic, item_on_display_a
D:3:      layout_rooms, shapermc_ecumenical_altar_petra
D:4:      layout_basic
D:5:      lemuel_castle_with_subvaults [lemuel_castle_interior_original],
          layout_layer_cave, minmay_overflow_temple_hex,
          minmay_temple_entry_overgrown, cheibrodos_sewer_entry_drain,
          minmay_misc_feat_five, uniq_grinder, uniq_menkaure
D:6:      layout_basic, grunt_ministairs_12

Skill      XL: |  1  2  3  4  5  6  7  8 |
---------------+-------------------------+-----
Stealth        | 1 2 |  2.0
Fighting       | 3 4 |  4.2
Dodging        | 3 4 |  4.0
Short Blades   | 4 |  4.0
Armour         | 2 3 4 |  4.0
Ranged Weapons | 4 7 |  7.3
Throwing       | |  1.7

Action                   |  1- 3 |  4- 6 |  7- 9 || total
-------------------------+-------+-------+-------++-------
Melee: Rapier            |   122 |    44 |       ||   166
       Kick              |    17 |    48 |     7 ||    72
       Punch             |     1 |     1 |       ||     2
       Short sword       |       |   131 |    35 ||   166
 Fire: Shortbow          |       |       |   246 ||   246
Throw: Throwing net      |     3 |     2 |     1 ||     6
  Use: Scroll            |     1 |     5 |     4 ||    10
       Potion            |     1 |     2 |     3 ||     6
 Stab: Sleeping          |     7 |     6 |       ||    13
       Held in net/web   |     1 |     1 |       ||     2
Armor: Leather armour    |    27 |    46 |    17 ||    90
       Skin              |       |     2 |       ||     2
Dodge: Dodged            |    50 |   103 |    41 ||   194
Block: Other             |    11 |    23 |     6 ||    40

Table legend: (Time is in decaauts)
 A = Elapsed time spent in this place.
 B = Non-inter-level travel time spent in this place.
 C = Inter-level travel time spent in this place.
 D = Time resting spent in this place.
 E = Time spent auto-exploring this place.
 F = Levels seen in this place.
 G = Mean time per level.
                   A        B        C        D        E       F      G
               +--------+--------+--------+--------+--------+-----+--------+
         Total |   6146 |   5804 |    342 |    710 |   3910 |   7 |  878.0 |
       Dungeon |   5775 |   5433 |    342 |    710 |   3686 |   6 |  962.5 |
         Sewer |    371 |    371 |      0 |      0 |    224 |   1 |  371.0 |
               +--------+--------+--------+--------+--------+-----+--------+

Top non-repeatable levels by time:
     D:5: 1747 daAuts
     D:1: 1254 daAuts
     D:2: 1129 daAuts
     D:3: 693 daAuts
     D:4: 615 daAuts
   Sewer: 371 daAuts
     D:6: 334 daAuts
